 Dungeon Crawl Stone Soup version 0.28-a0-1594-ga885d4b3d6 (webtiles) character file.

Game seed: 5917926411286070185

338 lonewolfV2 the Chopper (level 6, -3/48 HPs)
             Began as a Human Fighter on Jan 20, 2022.
             Slain by a kobold (4 damage)
             ... on level 4 of the Dungeon.
             The game lasted 00:04:15 (4268 turns).

lonewolfV2 the Chopper (Human Fighter)              Turns: 4268, Time: 00:04:15

Health: -3/48      AC:  7    Str: 19    XL:     6   Next: 86%
Magic:  6/6        EV: 13    Int:  8    God:
Gold:   40         SH:  4    Dex: 12    Spells: 5/5 levels left

rFire   + . .      SeeInvis .   a - +0 war axe
rCold   + . .      Faith    .   c - +0 buckler
rNeg    . . .      Spirit   .   b - +0 scale mail
rPois   +          Reflect  .   (no helmet)
rElec   +          Harm     .   (no cloak)
rCorr   +          Rampage  .   (no gloves)
Will    .....                   (no boots)
Stlth   ..........              (no amulet)
HPRegen 0.16/turn               h - +4 ring of evasion
MPRegen 0.10/turn               (no ring)

@: resistant, hasted, very quick
A: no striking features
a: no special abilities


You were on level 4 of the Dungeon.
You visited 1 branch of the dungeon, and saw 4 of its levels.

You collected 40 gold pieces.

Inventory:

Hand Weapons
 a - a +0 war axe (weapon)
Armour
 b - a +0 scale mail (worn)
 c - a +0 buckler (worn)
Jewellery
 h - a +4 ring of evasion (left hand)
Scrolls
 g - a scroll of teleportation


   Skills:
 + Level 3.8 Fighting
 + Level 4.4 Axes
 + Level 4.4 Armour
 + Level 1.6 Dodging
 + Level 0.2 Stealth
 + Level 3.6 Shields


You had 5 spell levels left.
You didn't know any spells.
Your spell library contained the following spells:

 Spells                   Type           Power      Damage    Failure   Level
 Animate Skeleton         Necr           0%         N/A       86%         1
 Freeze                   Ice            0%         1d3       86%         1
 Pain                     Necr           0%         1d4       86%         1
 Corpse Rot               Necr/Air       0%         N/A       94%         2
 Frozen Ramparts          Ice            0%         1d2       99%         3
 Vampiric Draining        Necr           0%         2d6       99%         3
 Dispel Undead            Necr           0%         3d6       100%        4
 Hailstorm                Conj/Ice       0%         3d3       100%        4
 Death Channel            Necr           0%         N/A       100%        6


Dungeon Overview and Level Annotations

Branches:
Dungeon (4/15)
 Temple: D:4-7

Altars:
The Shining One


Message History

You closely miss the iguana.
The iguana is moderately wounded.
The iguana bites you. x2
You hit the iguana.
The iguana is heavily wounded.
The iguana bites you!
* * * LOW HITPOINT WARNING * * *
You closely miss the iguana.
The iguana is moderately wounded.
The iguana bites you.
* * * LOW HITPOINT WARNING * * *
You slash the iguana!
The iguana is severely wounded.
The iguana bites you but does no damage.
The iguana bites you.
* * * LOW HITPOINT WARNING * * *
You hit the iguana but do no damage.
The iguana is severely wounded.
The iguana bites you.
* * * LOW HITPOINT WARNING * * *
You closely miss the iguana.
The iguana is severely wounded.
The iguana closely misses you.
You hit the iguana.
The iguana is almost dead.
You block the iguana's attack. The iguana misses you.
You hit the iguana.
You kill the iguana!
You feel protected. The kobold barely misses you.
You feel yourself speed up. The kobold barely misses you.
You closely miss the kobold. The kobold misses you.
You closely miss the kobold. The kobold closely misses you.
You closely miss the kobold.
The kobold hits you with a +0 short sword.
* * * LOW HITPOINT WARNING * * *
You closely miss the kobold. The kobold hits you but does no damage.
You hit the kobold but do no damage.
The kobold hits you with a +0 short sword.
You die...

#........
#.<......
.......#
.....#
#..##
#<.####
##....#
####.###
#@K.#
###....#
##....
.#. .. #


You could see a kobold.

Vanquished Creatures
  A water moccasin (D:3)
  An orc priest (D:3)
  An iguana (D:4)
  3 orc wizards (D:3)
  4 adders
  A dart slug (D:1)
  An orc (D:3)
  8 bats
  4 endoplasms
  4 giant cockroaches
  4 goblins
  7 hobgoblins
  7 jackals (D:2)
  4 quokkas
  7 ball pythons
  3 frilled lizards
  3 kobolds
  3 rats
66 creatures vanquished.

Vanquished Creatures (others)
  A plant (D:3)
  5 toadstools (D:1)
6 creatures vanquished.

Grand Total: 72 creatures vanquished

Notes
Turn   | Place    | Note
-------+----------+-------------------------------------------
     0 | D:1      | lonewolfV2 the Human Fighter began the quest for the Orb.
     0 | D:1      | Reached XP level 1. HP: 18/18 MP: 1/1
   512 | D:1      | Reached XP level 2. HP: 13/24 MP: 2/2
  1123 | D:2      | Reached XP level 3. HP: 29/29 MP: 3/3
  1832 | D:2      | Found a glowing golden altar of the Shining One.
  1923 | D:2      | Reached XP level 4. HP: 32/35 MP: 4/4
  2077 | D:2      | Found a faded altar of an unknown god.
  2551 | D:3      | Noticed a water moccasin
  2563 | D:3      | HP: 1/35 [poisoned by a water moccasin]
  2564 | D:3      | Killed a water moccasin
  2565 | D:3      | Reached skill level 1 in Dodging
  2565 | D:3      | Reached XP level 5. HP: 1/41 MP: 5/5
  3245 | D:3      | Reached XP level 6. HP: 45/47 MP: 6/6
  4266 | D:4      | HP: 1/48 [kobold (3)]
  4268 | D:4      | Slain by a kobold

Illustrated notes

Levels and vault maps discovered:
D:1:      ldierk_walled_garden, layout_basic
D:2:      layout_loops_corners, ebering_ecumenical_altar_mist, basic_altar
D:3:      layout_basic, minmay_shallow_snake_nest
D:4:      layout_rooms, led_xom_imps, minmay_temple_entry_offerings,
          st_stairs_9, grunt_ministairs_4, uniq_natasha

Skill      XL: |  1  2  3  4  5  6 |
---------------+-------------------+-----
Axes           | 3 4 |  4.4
Armour         | 4 |  4.4
Dodging        | 1 |  1.6
Fighting       | |  3.8
Stealth        | |  0.2
Shields        | |  3.6

Action                   |  1- 3 |  4- 6 || total
-------------------------+-------+-------++-------
Melee: War axe           |    92 |   119 ||   211
  Use: Potion            |       |    12 ||    12
       Scroll            |       |     4 ||     4
Armor: Scale mail        |    49 |    82 ||   131
Dodge: Dodged            |    39 |    99 ||   138
Block: Buckler           |    24 |    25 ||    49

Table legend: (Time is in decaauts)
 A = Elapsed time spent in this place.
 B = Non-inter-level travel time spent in this place.
 C = Inter-level travel time spent in this place.
 D = Time resting spent in this place.
 E = Time spent auto-exploring this place.
 F = Levels seen in this place.
 G = Mean time per level.
                   A        B        C        D        E       F      G
               +--------+--------+--------+--------+--------+-----+--------+
         Total |   4330 |   4282 |     48 |    817 |   2847 |   4 | 1082.5 |
       Dungeon |   4330 |   4282 |     48 |    817 |   2847 |   4 | 1082.5 |
               +--------+--------+--------+--------+--------+-----+--------+

Top non-repeatable levels by time:
     D:3: 1933 daAuts
     D:2: 1374 daAuts
     D:1: 982 daAuts
     D:4: 40 daAuts
